 Dungeon Crawl Stone Soup version 0.31-a0-152-g6aa68a64a1 (webtiles) character file.

Game seed: 16067109188962124103

993 Pooter the Chopper (level 7, -1/63 HPs)
             Began as a Minotaur Berserker on June 11, 2023.
             Was a Priest of Trog.
             Slain by a gnoll
             ... wielding a +0 halberd
             ... led by a gnoll sergeant
              (5 damage)
             ... on level 5 of the Dungeon.
             The game lasted 00:17:10 (3977 turns).

Pooter the Chopper (Minotaur Berserker)             Turns: 3977, Time: 00:17:11

Health: -1/63      AC:  8    Str: 24    XL:     7   Next: 98%
Magic:  0/6        EV: 11    Int:  4    God:    Trog [***...]
Gold:   351        SH:  2    Dex:  9    Spells: 6/6 levels left

rFire   . . .        a - +3 broad axe (heavy)
rCold   . . .        j - +0 buckler
rNeg    . . .        e - +3 ring mail {rPois}
rPois   +            (helmet restricted)
rElec   .            (no cloak)
rCorr   .            (no gloves)
SInv    .            (no boots)
Will    .....        G - amulet of guardian spirit
Stlth   +            (no ring)
HPRegen 0.30/turn    (no ring)
MPRegen 0.10/turn

%: guardian spirit
@: on berserk cooldown, slowed, very slow
A: horns 2, retaliatory headbutt
a: Renounce Religion, Berserk, Trog's Hand


You were on level 5 of the Dungeon.
You worshipped Trog.
Trog was most pleased with you.
You visited 1 branch of the dungeon, and saw 5 of its levels.
You also visited: Sewer.

You collected 351 gold pieces.

Inventory:

Hand Weapons
 a - a +3 heavy broad axe (weapon)
   (You acquired it on level 3 of the Dungeon)
 b - a +0 sling
   (You found it on level 2 of the Dungeon)
 r - a +1 hand axe
 y - a +0 trident
   (You found it in a sewer)
Missiles
 g - 8 poisoned darts
 Q - 56 stones (quivered)
Armour
 e - a +3 ring mail of poison resistance (worn)
   (You found it in a sewer)
 j - a +0 buckler (worn)
   (You found it on level 1 of the Dungeon)
 o - a +0 chain mail
   (You found it on level 2 of the Dungeon)
Jewellery
 G - an amulet of guardian spirit (around neck)
   (You found it on level 3 of the Dungeon)
Wands
 c - a wand of roots (14)
   (You found it on level 3 of the Dungeon)
Scrolls
 f - a scroll of fear
 i - 2 scrolls of enchant armour {unknown}
 p - 3 scrolls of blinking
 q - a scroll of fog {unknown}
 s - a scroll of torment {unknown}
 t - 2 scrolls of teleportation {@r4}
 u - a scroll of butterflies {unknown}
 v - a scroll of poison {unknown}
 x - a scroll of immolation {unknown}
Potions
 d - 2 potions of lignification {!q}
 h - a potion of haste {unknown}
 k - 2 potions of attraction {unknown}
 l - a potion of might
 m - 2 potions of heal wounds {@q2}
 n - 3 potions of curing {@q1}
 w - a potion of mutation {unknown}
 z - a potion of invisibility {unknown}


   Skills:
 + Level 6.0 Fighting
 * Level 7.8 Axes
 * Level 4.5 Ranged Weapons
 - Level 2.4 Armour
 - Level 2.1 Dodging
 - Level 3.3 Stealth


You had 6 spell levels left.
You didn't know any spells.
Your spell library was empty.

Dungeon Overview and Level Annotations

Branches:
Dungeon (5/15)              Sewer (visited)
 Temple: D:4-7

Altars:
Cheibriados
Dithmenos
Elyvilon
Gozag

Shops:
D:1 :   D:2 [


Innate Abilities, Weirdness & Mutations

You have a pair of horns on your head.
You reflexively headbutt those who attack you in melee.


Message History

You chop the gnoll into pieces!!!
You kill the gnoll!
Trog accepts your kill.
The gnoll hits you from afar with a +0 halberd.
* * * LOW HITPOINT WARNING * * *
You slice the gnoll!!
You kill the gnoll!
Trog accepts your kill. You block the gnoll's attack.
The gnoll hits you with a +0 flail!
* * * LOW HITPOINT WARNING * * *
You slice the gnoll!!
You kill the gnoll!
Trog accepts your kill.
The gnoll is no longer moving quickly.
The gnoll hits you but does no damage. The gnoll completely misses you.
The gnoll misses you. The gnoll hits you but does no damage.
You closely miss the gnoll. You headbutt the gnoll!
The gnoll hits you from afar with a +0 halberd.
* * * LOW HITPOINT WARNING * * *
The gnoll barely misses you. x2
You open the gnoll like a pillowcase!!!
You kill the gnoll!
Trog accepts your kill.
You are no longer berserk.
You are exhausted.
You feel yourself slow down. The gnoll misses you.
The gnoll closely misses you. The gnoll barely misses you.
You furiously retaliate!
You headbutt the gnoll! The gnoll hits you with a +0 flail.
* * * LOW MAGIC WARNING * * *
* * * LOW HITPOINT WARNING * * *
The gnoll hits you with a +0 halberd.
* * * LOW HITPOINT WARNING * * *
The gnoll hits you with a +0 halberd.
* * * LOW HITPOINT WARNING * * *
Items here: ! )))) †.
You slice the gnoll!!
You kill the gnoll!
Trog accepts your kill.
You hit the gnoll but do no damage. You slash the gnoll!
The gnoll hits you but does no damage. The gnoll barely misses you.
The gnoll hits you but does no damage. The gnoll hits you with a +0 halberd.
* * * LOW MAGIC WARNING * * *
* * * LOW HITPOINT WARNING * * *
The gnoll hits you with a +0 flail.
* * * LOW MAGIC WARNING * * *
* * * LOW HITPOINT WARNING * * *
The gnoll hits you with a +0 halberd.
* * * LOW MAGIC WARNING * * *
You die...

,,,,..............##
*....,,,,***
,,,,_..........##..##*####.,,**
,,,,..........##....# *,,,*
,,,,..........#._...# *,,,*
**,,...###....##....# *,,,*
*,,...* #.#...##..#***#**,,,* *
**,,..,* #.##.....##,...**,,,*
* ,,,,,***
#####))###.....**,,,**** ******
###@g......+,,,,,,,,
#g)......***,,,,,, #........*
******* #........* #........*
#........* #........*
#########*


You could see 2 gnolls.

Vanquished Creatures
  Sigmund (D:2)
  A gnoll sergeant (D:5)
  A bullfrog (Sewer)
  2 scorpions (D:5)
  A gnoll bouda (D:5)
  3 hounds
  Terence (D:2)
  A sleepcap (D:3)
  An iguana (D:4)
  An orc wizard (D:4)
  10 gnolls
  12 adders
  An ufetubus (D:4)
  3 worms
  4 dart slugs
  7 orcs
  10 ball pythons
  9 endoplasms
  13 giant cockroaches
  10 hobgoblins
  7 jackals (D:3)
  9 kobolds
  8 quokkas
  3 bats
  13 frilled lizards
  11 goblins
  6 rats
149 creatures vanquished.

Notes
Turn   | Place    | Note
-------+----------+-------------------------------------------
     0 | D:1      | Pooter the Minotaur Berserker began the quest for the Orb.
     0 | D:1      | Reached XP level 1. HP: 19/19 MP: 0/0
   133 | D:1      | Reached skill level 4 in Axes
   133 | D:1      | Reached XP level 2. HP: 22/27 MP: 1/1
   229 | D:1      | Reached skill level 1 in Stealth
   263 | D:1      | Found a faded altar of an unknown god.
   339 | D:1      | Found Gatzal Keso's Book Emporium.
   771 | D:2      | Reached XP level 3. HP: 28/33 MP: 2/2
   780 | D:2      | Reached ** piety under Trog
   888 | D:2      | Found an opulent altar of Gozag.
   992 | D:2      | Reached XP level 4. HP: 40/40 MP: 3/3
  1003 | D:2      | Noticed Terence
  1010 | D:2      | Killed Terence
  1039 | D:2      | Reached skill level 5 in Axes
  1288 | D:2      | Found Muun's Armour Emporium.
  1304 | D:2      | Noticed Sigmund
  1317 | D:2      | Killed Sigmund
  1318 | D:2      | Reached XP level 5. HP: 47/47 MP: 4/4
  1318 | D:2      | Reached XP level 6. HP: 55/55 MP: 5/5
  1607 | D:3      | Identified a scroll of acquirement
  1608 | D:3      | Acquired a +2 heavy broad axe
  1635 | D:3      | Found a white marble altar of Elyvilon.
  1678 | D:3      | Reached skill level 6 in Axes
  1747 | D:3      | Reached skill level 5 in Fighting
  1809 | D:3      | Reached skill level 1 in Ranged Weapons
  2159 | D:3      | Reached *** piety under Trog
  2865 | D:4      | Reached XP level 7. HP: 61/61 MP: 6/6
  3315 | D:5      | Entered Level 5 of the Dungeon
  3326 | D:5      | Reached skill level 7 in Axes
  3393 | D:5      | Found a glowing drain.
  3406 | Sewer    | Entered a sewer
  3927 | D:5      | Found a shadowy altar of Dithmenos.
  3929 | D:5      | Found a snail-covered altar of Cheibriados.
  3977 | D:5      | Slain by a gnoll

Illustrated notes

Levels and vault maps discovered:
D:1:      amcnicky_arrival_feature_with_door, layout_loops_cross, serial_shops,
          nicolae_shop_advertising_works [nicolae_subvault_shop_adworks],
          shapermc_ecumenical_altar_petra, chequers_garden
D:2:      layout_basic, basic_altar, serial_shops, shop, uniq_sigmund,
          uniq_terence
D:3:      kennysheep_goblin_castle, layout_basic, mainiacjoe_overflow_paths,
          minmay_close_crescents
D:4:      layout_cave_pods
D:5:      layout_basic, amethyst_overflow_temple_binary,
          nicolae_overflow_two_pavilions,
          nicolae_dithmenos_through_a_glass_darkly, slow_altar_1,
          portal_sewer_entry_a, sigmund_army

Skill      XL: |  1  2  3  4  5  6  7 |
---------------+----------------------+-----
Axes           | 4 5 6 7 |  7.8
Stealth        | 1 2 3 |  3.3
Fighting       | 4 5 6 |  6.0
Ranged Weapons | 2 4 |  4.5
Armour         | |  2.4
Dodging        | |  2.1

Action                     |  1- 3 |  4- 6 |  7- 9 || total
---------------------------+-------+-------+-------++-------
  Melee: Hand axe          |    70 |    29 |       ||    99
         Headbutt          |     7 |    10 |     8 ||    25
         Broad axe         |       |    54 |    62 ||   116
   Fire: Sling             |       |    53 |    85 ||   138
  Throw: Stone             |     8 |     6 |     1 ||    15
 Invoke: Berserk           |     1 |     3 |     1 ||     5
         Trog's Hand       |       |     2 |       ||     2
    Use: Scroll            |     3 |     7 |     1 ||    11
   Stab: Sleeping          |     1 |       |       ||     1
 Armour: Animal skin       |    10 |       |       ||    10
         Chain mail        |     5 |    85 |    45 ||   135
         Ring mail         |       |       |     4 ||     4
  Dodge: Dodged            |    48 |    45 |    44 ||   137
  Block: Buckler           |     1 |     7 |    17 ||    25

Table legend: (Time is in decaauts)
 A = Elapsed time spent in this place.
 B = Non-inter-level travel time spent in this place.
 C = Inter-level travel time spent in this place.
 D = Time resting spent in this place.
 E = Time spent auto-exploring this place.
 F = Levels seen in this place.
 G = Mean time per level.
                   A        B        C        D        E       F      G
               +--------+--------+--------+--------+--------+-----+--------+
         Total |   4250 |   4133 |    117 |    396 |   2674 |   6 |  708.3 |
       Dungeon |   3618 |   3501 |    117 |    386 |   2285 |   5 |  723.6 |
         Sewer |    631 |    631 |      0 |     10 |    389 |   1 |  631.0 |
               +--------+--------+--------+--------+--------+-----+--------+

Top non-repeatable levels by time:
     D:3: 994 daAuts
     D:4: 873 daAuts
     D:2: 792 daAuts
     D:1: 771 daAuts
   Sewer: 631 daAuts
     D:5: 186 daAuts
